 Dungeon Crawl Stone Soup version 0.25.0-26-g0c896c7088 (webtiles) character file.

Game seed: 17235365600980803772

14 protoss039 the Grave Robber (level 2, -2/23 HPs)
             Began as a Ghoul Necromancer on July 2, 2020.
             Slain by an adder (4 damage)
             ... on level 2 of the Dungeon.
             The game lasted 00:02:28 (1423 turns).

protoss039 the Grave Robber (Ghoul Necromancer)     Turns: 1423, Time: 00:02:29

Health: -2/23      AC:  3    Str: 11    XL:     2   Next: 41%
Magic:  1/3        EV: 12    Int: 10    God:
Gold:   74         SH:  0    Dex:  9    Spells: 3/4 levels left

rFire    . . .     SeeInvis .     - Unarmed
rCold    + . .     Gourm    .   (no shield)
rNeg     + + +     Faith    .   a - +0 robe
rPois    ∞         Spirit   .   (no helmet)
rElec    .         Reflect  .   (no cloak)
rCorr    .         Harm     .   h - +0 pair of gloves
MR       .....                  (no boots)
Stlth    ++........             (no amulet)
HPRegen  0.00/turn              (no ring)
MPRegen  0.08/turn              (no ring)

@: rotting
A: rotting body, claws 1, carnivore, cold resistance 1, negative energy
resistance 3, inhibited regeneration, torment resistance, unbreathing
a: no special abilities


You were on level 2 of the Dungeon.
You were not hungry.

You visited 1 branch of the dungeon, and saw 2 of its levels.

You collected 74 gold pieces.

Inventory:

Armour
 a - a +0 robe (worn)
 h - a +0 pair of gloves (worn)
Scrolls
 b - a scroll of fog {unknown}
 d - a scroll of enchant weapon {unknown}
 f - a scroll of identify {unknown}
 g - 2 scrolls of immolation {unknown}
 j - 2 scrolls of remove curse {unknown}
Potions
 e - 2 potions of curing {unknown}
Comestibles
 c - 3 rations


   Skills:
 * Level 1.5 Fighting
 - Level 1.7 Dodging
 - Level 2.1 Stealth
 * Level 1.3 Unarmed Combat
 - Level 1.7 Spellcasting
 - Level 4.0 Necromancy


You had 3 spell levels left.
You knew the following spells:

 Your Spells              Type           Power        Failure   Level  Hunger
a - Pain                  Necr           #...         6%          1    ##.....

Your spell library contained the following spells:

 Spells                   Type           Power        Failure   Level  Hunger
 Animate Skeleton         Necr           N/A          6%          1    ##.....
 Vampiric Draining        Necr           #.........   19%         3    ####...
 Animate Dead             Necr           N/A          52%         4    #####..
 Agony                    Necr           #.......     86%         5    ######.


Dungeon Overview and Level Annotations

Branches:
Dungeon (2/15)

Altars:


Innate Abilities, Weirdness & Mutations

Your body is rotting away.
You thrive on raw meat.
You are immune to poison.
You have sharp fingernails.
You are carnivorous and can eat meat at any time.
Your flesh is cold resistant. (rC+)
You are immune to negative energy. (rN+++)
You do not regenerate when monsters are visible.
You are immune to unholy pain and torment.
You can survive without breathing.


Message History

The adder misses you. The adder bites you.
* * * LOW HITPOINT WARNING * * *
Casting: Pain (safe; 6% risk of failure)
Confirm with . or Enter, or press ? or * to list all spells.
Aiming: Pain (safe; 6% risk of failure)
Press: ? - help, Shift-Dir - straight line, f - adder
Aim: an adder (chance to defeat MR: 66%)
The adder struggles to resist.
The adder barely misses you.
You hit the adder but do no damage. The adder closely misses you.
Unknown command.
You barely miss the adder. The adder closely misses you. The adder bites you.
* * * LOW HITPOINT WARNING * * *
You barely miss the adder. The adder barely misses you.
You barely miss the adder. The adder barely misses you.
Your magical contamination has completely faded away.
You closely miss the adder. The adder bites you.
* * * LOW HITPOINT WARNING * * *
You barely miss the adder. The adder bites you.
You die...

######### # #....@Sl#
##########.
......###.####.≈.≈.≈.≈.≈
...........##.⌠...⌠...⌠.
.####.#.....#≈.≈.≈.≈.≈.≈
#.......>...⌠...⌠...
###.....#≈.≈.≈.≈.≈.≈
##......⌠...⌠...⌠.
#......≈.≈.≈.≈.≈.≈
#.####....⌠...⌠...


You could see an adder and a leopard gecko.

Vanquished Creatures
  A leopard gecko (D:1)
  2 bats (D:1)
  2 giant cockroaches
  3 goblins (D:1)
  2 kobolds (D:1)
  A frilled lizard (D:1)
  A rat (D:1)
12 creatures vanquished.

Notes
Turn   | Place    | Note
-------+----------+-------------------------------------------
     0 | D:1      | protoss039 the Ghoul Necromancer began the quest for the
                  | Orb.
     0 | D:1      | Reached XP level 1. HP: 14/14 MP: 2/2
   400 | D:1      | Reached skill level 1 in Fighting
   400 | D:1      | Reached skill level 1 in Unarmed Combat
   400 | D:1      | Reached XP level 2. HP: 7/23 MP: 0/3
  1423 | D:2      | Slain by an adder

Illustrated notes

Levels and vault maps discovered:
D:1:      tarquinn_simple_flora_water_c, layout_loops_cross,
          chequers_serial_rivers_room_a
D:2:      layout_loops_ring, kennysheep_crisscross, uniq_terence

Skill      XL: |  1 |
---------------+----+-----
Fighting       | 1 |  1.5
Unarmed Combat | 1 |  1.3
Dodging        | |  1.7
Stealth        | |  2.1
Spellcasting   | |  1.7
Necromancy     | |  4.0

Action                   || total
-------------------------++-------
Melee: Unarmed           ||    66
 Cast: Pain              ||    13
 Stab: Sleeping          ||     1
  Eat: Chunk             ||     5
Armor: Robe              ||    14
Dodge: Dodged            ||    53
